 Dungeon Crawl Stone Soup version 0.30-a0-702-gdf48620a09 (webtiles) character file.

Game seed: 8054994512439770626

172 gelatine the Firebug (level 5, -5/37 HPs)
             Began as a Demonspawn Fire Elementalist on Jan 22, 2023.
             Slain by a gnoll
             ... wielding a +0 halberd
              (8 damage)
             ... on level 4 of the Dungeon.
             The game lasted 00:08:26 (3920 turns).

gelatine the Firebug (Demonspawn Fire Elementalist) Turns: 3920, Time: 00:08:27

Health: -5/37      AC:  4    Str:  9    XL:     5   Next: 27%
Magic:  0/9        EV: 12    Int: 18    God:
Gold:   197        SH:  0    Dex: 13    Spells: 7/10 levels left

rFire   + . .      SeeInvis .    c - +0 dagger
rCold   . . .      Faith    .    (no shield)
rNeg    . . .      Spirit   .    a - +0 robe
rPois   .          Reflect  .    (no helmet)
rElec   .          Harm     .    (no cloak)
rCorr   .          Rampage  .    (no gloves)
Will    .....                    (no boots)
Stlth   ++                       f - amulet of the acrobat
HPRegen 0.26/turn                i - ring of protection from fire
MPRegen 0.11/turn                m - ring of wizardry

@: no status effects
A: claws 1, thin metallic scales 1, demonic guardian 1
a: no special abilities


You were on level 4 of the Dungeon.
You visited 1 branch of the dungeon, and saw 4 of its levels.

You collected 197 gold pieces.

Inventory:

Hand Weapons
 c - a +0 dagger (weapon)
Armour
 a - a +0 robe (worn)
Jewellery
 f - an amulet of the acrobat (around neck)
 i - a ring of protection from fire (left claw)
 j - a +6 ring of dexterity
 m - a ring of wizardry (right claw)
 o - a +5 ring of evasion
 v - a ring of ice
Wands
 n - a wand of light (6)
Scrolls
 d - a scroll of blinking {unknown}
 e - 2 scrolls of fear {unknown}
 h - 2 scrolls of teleportation {unknown}
 k - 3 scrolls of vulnerability {unknown}
 l - a scroll of fog {unknown}
 q - a scroll of enchant weapon {unknown}
 r - a scroll of magic mapping {unknown}
 u - a scroll of poison {unknown}
Potions
 b - a potion of magic
 g - 4 potions of curing
 p - a potion of might
 s - 2 potions of ambrosia
 t - a potion of mutation
 w - a potion of invisibility


   Skills:
 * Level 1.3 Fighting
 + Level 0.1 Short Blades
 * Level 2.1 Dodging
 + Level 1.8 Stealth
 + Level 3.2 Spellcasting
 * Level 2.4 Conjurations
 * Level 3.6 Fire Magic


You had 7 spell levels left.
You knew the following spells:

 Your Spells              Type           Power      Damage    Failure   Level
a - Foxfire               Conj/Fire      52%        2x1d6     1%          1
b - Scorch                Fire           32%        2d6       2%          2

Your spell library contained the following spells:

 Spells                   Type           Power      Damage    Failure   Level
 Apportation              Tloc           4%         N/A       6%          1
 Necrotise                Necr           8%         1d4       6%          1
 Summon Small Mammal      Summ           8%         N/A       6%          1
 Inner Flame              Hex/Fire       9%         N/A       9%          3
 Kindle Blastsparks       Fire/Tloc/Air  14%        2d11      12%         3
 Flame Wave               Conj/Fire      13%        2d6       17%         4


Dungeon Overview and Level Annotations

Branches:
Dungeon (4/15)
 Temple: D:4-7

Altars:


Innate Abilities, Weirdness & Mutations

You have sharp fingernails.
You are partially covered in thin metallic scales. (AC +2)
A weak demonic guardian rushes to your aid.


Message History

The gnoll closely misses you.
The gnoll hits you from afar with a +0 halberd.
You conjure some foxfire!
The foxfire hits the gnoll but does no damage.
The gnoll is almost dead.
The foxfire hits the gnoll.
You kill the gnoll!
The gnoll hits you from afar with a +0 halberd!
You are too injured to fight recklessly!
You are too injured to fight recklessly!
Unknown command.
You are too injured to fight recklessly!
Casting: Foxfire (safe; 1% risk of failure)
Confirm with . or Enter, or press ? or * to list all spells.
You conjure some foxfire!
The foxfire hits the gnoll but does no damage.
The gnoll is severely wounded.
The foxfire hits the gnoll but does no damage.
The gnoll is severely wounded.
The gnoll closely misses you.
Casting: Foxfire (safe; 1% risk of failure)
Confirm with . or Enter, or press ? or * to list all spells.
You don't have enough magic to cast this spell.
Casting: Foxfire (safe; 1% risk of failure)
Confirm with . or Enter, or press ? or * to list all spells.
You don't have enough magic to cast this spell.
The foxfire hits the gnoll but does no damage.
The gnoll is severely wounded.
The foxfire hits the gnoll.
The gnoll is almost dead.
The gnoll completely misses you.
You barely miss the gnoll.
The gnoll is almost dead.
The gnoll hits you with a +0 halberd!
* * * LOW HITPOINT WARNING * * *
A demonic guardian appears!
You barely miss the gnoll.
The gnoll is almost dead.
The gnoll hits you with a +0 halberd!
You die...

........#.
#.#.###.#
.........#
#.......#
#..........
####.####
#?........#
#.#####
#.........#
#.....#
#.........#
#####.#
.........>########
#.#
.........?).......
#.#
...$......@g......
#.#
#####.....5......
#.# #............
#.. #.###########
### #.# #.....#
#######.###.....#
###
................#
#..
#..##..####.#####
#.#
....###...#####
#.#


You could see a gnoll (ally target) and a friendly quasit (summoned).

Vanquished Creatures
  Jessica (D:3)
  2 gnolls (D:4)
  6 adders
  2 worms (D:2)
  3 dart slugs
  An orc (D:3)
  7 endoplasms
  3 giant cockroaches
  4 goblins
  6 hobgoblins
  4 quokkas
  5 ball pythons
  4 bats
  3 frilled lizards
  9 kobolds
  5 rats
65 creatures vanquished.

Vanquished Creatures (others)
  257 foxfires
  A plant (D:2)
258 creatures vanquished.

Grand Total: 323 creatures vanquished

Notes
Turn   | Place    | Note
-------+----------+-------------------------------------------
     0 | D:1      | gelatine the Demonspawn Fire Elementalist began the quest
                  | for the Orb.
     0 | D:1      | Reached XP level 1. HP: 13/13 MP: 3/3
   232 | D:1      | Gained mutation: You have sharp fingernails. [demonic
                  | ancestry]
   232 | D:1      | Reached XP level 2. HP: 19/19 MP: 0/5
  1282 | D:2      | Reached XP level 3. HP: 21/24 MP: 1/6
  2133 | D:2      | Gained mutation: A weak demonic guardian rushes to your
                  | aid. [demonic ancestry]
  2133 | D:2      | Reached XP level 4. HP: 5/30 MP: 0/8
  2594 | D:3      | Learned a level 2 spell: Scorch
  3122 | D:3      | Noticed Jessica
  3129 | D:3      | Killed Jessica
  3701 | D:4      | Gained mutation: You are partially covered in thin metallic
                  | scales. (AC +2) [demonic ancestry]
  3701 | D:4      | Reached XP level 5. HP: 29/36 MP: 6/9
  3913 | D:4      | Reached skill level 1 in Fighting
  3920 | D:4      | Slain by a gnoll

Illustrated notes

Levels and vault maps discovered:
D:1:      noname_arrival_rooms_in_the_neighbourhood, layout_basic,
          roderic_roman_lattice
D:2:      layout_basic, serial_bayou_pond_d
D:3:      layout_basic, kennysheep_jessica_study
D:4:      layout_basic, portal_sewer_entry_d

Skill      XL: |  1  2  3  4  5 |
---------------+----------------+-----
Fire Magic     | 3 |  3.6
Dodging        | 2 |  2.1
Spellcasting   | 3 |  3.2
Conjurations   | 2 |  2.4
Fighting       | 1 |  1.3
Short Blades   | |  0.1
Stealth        | |  1.8

Action                   |  1- 3 |  4- 6 || total
-------------------------+-------+-------++-------
Melee: Dagger            |    16 |    23 ||    39
 Cast: Foxfire           |    95 |    55 ||   150
       Scorch            |       |     6 ||     6
  Use: Scroll            |       |     5 ||     5
Armor: Robe              |     1 |     7 ||     8
Dodge: Dodged            |     7 |    25 ||    32

Table legend: (Time is in decaauts)
 A = Elapsed time spent in this place.
 B = Non-inter-level travel time spent in this place.
 C = Inter-level travel time spent in this place.
 D = Time resting spent in this place.
 E = Time spent auto-exploring this place.
 F = Levels seen in this place.
 G = Mean time per level.
                   A        B        C        D        E       F      G
               +--------+--------+--------+--------+--------+-----+--------+
         Total |   3917 |   3855 |     62 |      0 |   3379 |   4 |  979.2 |
       Dungeon |   3917 |   3855 |     62 |      0 |   3379 |   4 |  979.2 |
               +--------+--------+--------+--------+--------+-----+--------+

Top non-repeatable levels by time:
     D:2: 1312 daAuts
     D:1: 1269 daAuts
     D:3: 1057 daAuts
     D:4: 278 daAuts
